 Dungeon Crawl Stone Soup version 0.29-a0-1047-g7c58e119a4 (webtiles) character file.

Game seed: 16683336060320396754

4015 siradein the Fighter (level 10, -1/102 HPs)
             Began as a Hill Orc Fighter on Aug 17, 2022.
             Was a Follower of Makhleb.
             Slain by a yak (3 damage)
             ... on level 8 of the Dungeon.
             The game lasted 00:20:51 (10563 turns).

siradein the Fighter (Hill Orc Fighter)            Turns: 10563, Time: 00:20:52

Health: -1/102     AC: 12    Str: 22    XL:     10   Next: 23%
Magic:  17/17      EV:  7    Int:  8    God:    Makhleb [*.....]
Gold:   391        SH:  4    Dex: 12    Spells: 9/9 levels left

rFire   . . .      SeeInvis +   a - +0 war axe
rCold   . . .      Faith    .   c - +0 buckler
rNeg    . . .      Spirit   .   z - +0 chain mail
rPois   .          Reflect  .   x - +0 helmet
rElec   .          Harm     .   m - +0 cloak
rCorr   .          Rampage  .   (no gloves)
Will    .....                   n - +0 pair of boots
Stlth   ..........              (no amulet)
HPRegen 0.27/turn               y - ring of see invisible
MPRegen 0.15/turn               (no ring)

@: no status effects
A: no striking features
a: Renounce Religion


You were on level 8 of the Dungeon.
You worshipped Makhleb.
Makhleb was aware of your devotion.
You visited 2 branches of the dungeon, and saw 9 of its levels.

You collected 391 gold pieces.

Inventory:

Hand Weapons
 a - a +0 war axe (weapon)
Missiles
 d - 12 javelins (quivered)
Armour
 c - a +0 buckler (worn)
 m - a +0 cloak (worn)
 n - a +0 pair of boots (worn)
 x - a +0 helmet (worn)
 z - a +0 chain mail (worn)
Jewellery
 y - a ring of see invisible (left hand)
Wands
 l - a wand of quicksilver (1)
 q - a wand of paralysis (7)
Scrolls
 e - a scroll of magic mapping {unknown}
 g - 2 scrolls of blinking {unknown}
 i - 4 scrolls of noise {unknown}
 j - a scroll of enchant armour {unknown}
 k - 4 scrolls of teleportation {unknown}
 p - 2 scrolls of fear
 r - a scroll of amnesia {unknown}
 s - a scroll of poison {unknown}
 t - 2 scrolls of immolation {unknown}
 B - 4 scrolls of identify
Potions
 b - a potion of cancellation {unknown}
 f - 2 potions of lignification
 h - 2 potions of curing
 o - a potion of brilliance
 u - a potion of flight {unknown}
 v - a potion of mutation {unknown}
 w - a potion of berserk rage {unknown}
 A - a potion of magic {unknown}
 C - a potion of resistance {unknown}
 D - a potion of invisibility {unknown}


   Skills:
 + Level 13.8 Fighting
 - Level 5.0 Polearms
 - Level 3.6 Armour
 - Level 3.5 Shields
 + Level 10.1 Invocations


You had 9 spell levels left.
You didn't know any spells.
Your spell library contained the following spells:

 Spells                   Type           Power      Damage    Failure   Level
 Necrotise                Necr           0%         1d4       99%         1
 Poisonous Vapours        Pois/Air       0%         N/A       100%        2
 Inner Flame              Hex/Fire       0%         N/A       100%        3
 Vampiric Draining        Necr           0%         2d6       100%        3
 Cause Fear               Hex            0%         N/A       100%        4
 Corpse Rot               Necr/Pois/Air  0%         N/A       100%        4
 Agony                    Necr           0%         N/A       100%        5
 Discord                  Hex            0%         N/A       100%        8


Dungeon Overview and Level Annotations

Branches:
Dungeon (8/15)             Temple (1/1) D:5
   Lair: D:8-11

Altars:
Ashenzari
Cheibriados
Dithmenos
Elyvilon
Fedhas
Gozag
Kikubaaqudgha
Makhleb
Nemelex Xobeh
Okawaru
Qazlal
Ru
Sif Muna
Trog
Uskayaw
Vehumet
Wu Jian
Xom
Yredelemnul
Zin

Shops:
D:3 (   D:6 ?

Annotations:
D:7 5 runed translucent doors


Message History

The yak is almost dead.
The yak gores you.
You slash the yak!
You kill the yak!
Makhleb accepts your kill.
You feel better.
Your Invocations skill increases to level 10!
You hit the yak.
The yak is severely wounded.
The yak gores you but does no damage.
You barely miss the yak.
The yak is severely wounded.
The yak gores you! The yak gores you.
You hit the yak.
The yak is severely wounded.
The yak gores you!
* * * LOW HITPOINT WARNING * * *
You slice the yak!!
You kill the yak!
Makhleb accepts your kill. The yak gores you but does no damage.
You slash the yak!
The yak is moderately wounded.
The yak gores you!
* * * LOW HITPOINT WARNING * * *
You closely miss the yak.
The yak is moderately wounded.
The yak gores you!
* * * LOW HITPOINT WARNING * * *
You barely miss the yak.
The yak is moderately wounded.
The yak gores you but does no damage. The yak barely misses you.
You closely miss the yak.
The yak is moderately wounded.
The yak gores you!
* * * LOW HITPOINT WARNING * * *
You slash the yak!
The yak is heavily wounded.
The yak gores you.
You die...

###....## ##........
#......... ###..>.[...
#..).......
##..#...... #####
##.#.##### #...###
#..<...##* #....@##
####........#
#...##Y###.#.(.[......
#....#.#......#.....##
###..............#.##*
#........##...####**
#.......###..## **,
#.......# #..#****,,
#.......###..#*,,*,,
#........##.........


You could see a yak.

Vanquished Creatures
  2 hornets (D:7)
  Sigmund (D:2)
  A wraith (D:6)
  A steam dragon (D:7)
  5 yaks
  2 black bears (D:8)
  3 ice beasts
  An orc warrior (D:7)
  An ogre (D:5)
  2 centaurs
  A bullfrog (D:7)
  A gnoll sergeant (D:5)
  4 scorpions
  7 wights
  6 killer bees (D:7)
  A howler monkey (D:8)
  3 hounds
  3 jellies
  4 orc priests
  2 iguanas
  Jessica (D:2)
  2 orc wizards
  5 gnolls
  An adder (D:2)
  2 shadow imps
  A white imp (D:6)
  An ufetubus (D:5)
  A worm (D:3)
  2 dart slugs
  22 orcs
  6 ball pythons
  5 bats
  13 endoplasms
  6 giant cockroaches
  6 goblins
  4 hobgoblins
  11 jackals
  4 quokkas
  3 frilled lizards
  4 kobolds
  10 rats
  A spectral orc (D:7)
162 creatures vanquished.

Vanquished Creatures (others)
  8 fungi (D:3)
  73 plants
81 creatures vanquished.

Grand Total: 243 creatures vanquished

Notes
Turn   | Place    | Note
-------+----------+-------------------------------------------
     0 | D:1      | siradein the Hill Orc Fighter began the quest for the Orb.
     0 | D:1      | Reached XP level 1. HP: 19/19 MP: 1/1
    60 | D:1      | Reached XP level 2. HP: 23/27 MP: 2/2
   323 | D:1      | Reached skill level 4 in Fighting
   333 | D:1      | Reached XP level 3. HP: 33/33 MP: 3/3
   402 | D:1      | You fall into a shaft and drop 1 floor!
  1178 | D:2      | Reached XP level 4. HP: 37/41 MP: 4/4
  1351 | D:2      | Noticed Jessica
  1358 | D:2      | Killed Jessica
  1455 | D:2      | Reached skill level 5 in Fighting
  1612 | D:2      | Noticed Sigmund
  1628 | D:2      | Killed Sigmund
  1629 | D:2      | Reached skill level 6 in Fighting
  1629 | D:2      | Reached XP level 5. HP: 37/50 MP: 5/5
  1629 | D:2      | Reached XP level 6. HP: 42/57 MP: 6/6
  2226 | D:3      | Found a faded altar of an unknown god.
  2232 | D:3      | Reached skill level 5 in Polearms
  2355 | D:3      | Found Raklioh's Antique Weapon Boutique.
  2512 | D:4      | Found an ornate altar of the Wu Jian Council.
  2763 | D:4      | Reached skill level 7 in Fighting
  2848 | D:4      | Found an ancient bone altar of Kikubaaqudgha.
  2875 | D:4      | Found a shimmering blue altar of Sif Muna.
  2886 | D:4      | Reached XP level 7. HP: 43/66 MP: 7/7
  3120 | D:4      | Found a radiant altar of Vehumet.
  3468 | D:5      | Entered Level 5 of the Dungeon
  3502 | D:5      | Reached skill level 8 in Fighting
  3654 | D:5      | Reached skill level 9 in Fighting
  3998 | D:4      | Reached XP level 8. HP: 53/78 MP: 8/8
  4134 | D:5      | Reached skill level 10 in Fighting
  5153 | D:5      | Found a staircase to the Ecumenical Temple.
  5166 | Temple   | Entered the Ecumenical Temple
  5186 | Temple   | Became a worshipper of Makhleb the Destroyer
  5470 | D:6      | Reached skill level 1 in Invocations
  5509 | D:6      | Found a hide-covered altar of Uskayaw.
  5547 | D:6      | Noticed a wraith
  5787 | D:6      | Killed a wraith
  5788 | D:6      | Reached skill level 11 in Fighting
  6294 | D:6      | Found Vemeruats's Magic Scroll Shop.
  6688 | D:7      | Found a white marble altar of Elyvilon.
  6967 | D:7      | Reached skill level 5 in Invocations
  7207 | D:7      | Noticed a hornet
  7218 | D:7      | Killed a hornet
  7219 | D:7      | Reached XP level 9. HP: 90/90 MP: 11/13
  7565 | D:7      | Reached skill level 12 in Fighting
  7930 | D:7      | Found a basalt altar of Yredelemnul.
  8079 | D:7      | Found a runed translucent door.
  8083 | D:7      | Found a runed translucent gate.
  8085 | D:7      | Found a runed translucent gate.
  8085 | D:7      | Found a runed translucent gate.
  8114 | D:7      | Reached * piety under Makhleb
  8178 | D:7      | Found a runed translucent door.
  8216 | D:7      | Found the +9 staff of Olgreb {rPois∞}
  8468 | D:7      | Noticed a hornet
  8477 | D:7      | Killed a hornet
  8833 | D:7      | Reached skill level 13 in Fighting
  9613 | D:8      | Found a bloodstained altar of Trog.
  9669 | D:7      | Reached XP level 10. HP: 83/101 MP: 16/16
  9756 | D:8      | Identified the +3 short sword of Defilement {flame, rF+ rN+
                  | Dex+4}
 10044 | D:8      | Found a bloodstained altar of Trog.
 10555 | D:8      | Reached skill level 10 in Invocations
 10562 | D:8      | HP: 2/102 [yak (8)]
 10563 | D:8      | Slain by a yak

Illustrated notes

Levels and vault maps discovered:
D:1:      scummos_arrival_hexagon, layout_basic, chequers_serial_rivers_micro_c
D:2:      layout_loops_cross, minmay_tromino_v4_a, uniq_sigmund, uniq_jessica
D:3:      layout_rooms, dreamdust_ecumenical_altar_grove, serial_shops,
          nicolae_shop_hallway_stairs
D:4:      layout_basic, mainiacjoe_overflow_brackets,
          mainiacjoe_overflow_catwalk, lemuel_crystal_altar,
          nicolae_vehumet_radiance
D:5:      layout_loops_ring, minmay_temple_entry_offerings, kennysheep_boxes
D:6:      layout_basic, eat_drink_and_be_merry_uskayaw, serial_shops, shop,
          dk_vineyard_3, minmay_liquid_box, corexii_leaking_fountain
D:7:      layout_basic, lemuel_crystal_altar,
          yredelemnul_forgotten_temple_becter,
          minmay_guarded_unrand_staff_of_olgreb
D:8:      layout_cave_pools, lightli_temple_of_fire
Temple:   nicolae_temple_ecumenical_triangle

Skill      XL: |  1  2  3  4  5  6  7  8  9 10 |
---------------+-------------------------------+-----
Fighting       | 4 6 7 9 11 13 | 13.8
Polearms       | 3 4 5 |  5.0
Invocations    | 5 9 10 | 10.1
Armour         | |  3.6
Shields        | |  3.5

Action                   |  1- 3 |  4- 6 |  7- 9 | 10-12 || total
-------------------------+-------+-------+-------+-------++-------
Melee: Trident           |   103 |    79 |       |       ||   182
       War axe           |       |    51 |   296 |    50 ||   397
       Unarmed           |       |     8 |       |       ||     8
Evoke: Wand              |       |       |    12 |       ||    12
  Use: Potion            |       |     1 |     2 |       ||     3
       Scroll            |       |       |     4 |       ||     4
 Stab: Paralysed         |       |       |    11 |       ||    11
Armor: Scale mail        |    29 |    40 |    80 |       ||   149
       Chain mail        |       |       |    93 |    12 ||   105
Dodge: Dodged            |    32 |    46 |   129 |    11 ||   218
Block: Buckler           |    18 |    31 |    73 |     5 ||   127

Table legend: (Time is in decaauts)
 A = Elapsed time spent in this place.
 B = Non-inter-level travel time spent in this place.
 C = Inter-level travel time spent in this place.
 D = Time resting spent in this place.
 E = Time spent auto-exploring this place.
 F = Levels seen in this place.
 G = Mean time per level.
                   A        B        C        D        E       F      G
               +--------+--------+--------+--------+--------+-----+--------+
         Total |  10750 |  10375 |    375 |    106 |   8494 |   9 | 1194.4 |
       Dungeon |  10717 |  10354 |    363 |    106 |   8491 |   8 | 1339.6 |
        Temple |     33 |     21 |     12 |      0 |      3 |   1 |   33.0 |
               +--------+--------+--------+--------+--------+-----+--------+

Top non-repeatable levels by time:
     D:7: 2358 daAuts
     D:4: 1571 daAuts
     D:8: 1501 daAuts
     D:5: 1403 daAuts
     D:6: 1334 daAuts
     D:2: 1098 daAuts
     D:1: 900 daAuts
     D:3: 548 daAuts
  Temple: 33 daAuts
